 Dungeon Crawl Stone Soup version 0.28-a0-804-g60983d4ba9 (webtiles) character file.

Game seed: 10482764926808337789

228 Gwenloh the Cudgeller (level 6, -1/57 HPs)
             Began as a Gargoyle Fighter on Nov 8, 2021.
             Slain by a river rat (6 damage)
             ... in a sewer.
             The game lasted 00:13:29 (3416 turns).

Gwenloh the Cudgeller (Gargoyle Fighter)            Turns: 3416, Time: 00:13:30

Health: -1/57      AC: 11    Str: 20    XL:     6   Next: 2%
Magic:  6/6        EV:  9    Int:  8    God:
Gold:   65         SH:  4    Dex: 11    Spells: 5/5 levels left

rFire   . . .      SeeInvis .   a - +0 flail
rCold   . . .      Faith    .   c - +0 buckler
rNeg    + . .      Spirit   .   b - +0 scale mail
rPois   ∞          Reflect  .   g - +0 hat
rElec   +          Harm     .   (no cloak)
rCorr   .          Rampage  .   (no gloves)
Will    .....                   (no boots)
Stlth   ..........              (no amulet)
HPRegen 0.19/turn               (no ring)
MPRegen 0.10/turn               (no ring)

@: berserking, very quick
A: sickness immunity, AC +4, negative energy resistance 1, electricity
resistance, torment resistance 1, petrification resistance
a: no special abilities


You were in a sewer.
You visited 1 branch of the dungeon, and saw 3 of its levels.
You also visited: Sewer.

You collected 65 gold pieces.

Inventory:

Hand Weapons
 a - a +0 flail (weapon)
Missiles
 d - 8 poisoned darts
 f - 111 stones (quivered)
 m - 2 javelins
 q - 22 bolts
Armour
 b - a +0 scale mail (worn)
 c - a +0 buckler (worn)
 g - a +0 hat (worn)
Scrolls
 e - a scroll of holy word {unknown}
 n - a scroll of torment {unknown}
 o - a scroll of fog {unknown}
 p - 2 scrolls of identify {unknown}
Potions
 h - a potion of cancellation {unknown}
 i - a potion of brilliance {unknown}
 j - a potion of magic {unknown}
 k - a potion of berserk rage
 l - a potion of heal wounds {unknown}
 r - a potion of curing {unknown}


   Skills:
 + Level 4.2 Fighting
 + Level 4.5 Maces & Flails
 + Level 4.2 Armour
 + Level 4.0 Shields


You had 5 spell levels left.
You didn't know any spells.
Your spell library contained the following spells:

 Spells                   Type           Power      Damage    Failure   Level
 Animate Skeleton         Necr           0%         N/A       75%         1
 Pain                     Necr           0%         1d4       75%         1
 Slow                     Hex            0%         N/A       75%         1
 Sting                    Tmut/Pois      0%         1d3       75%         1
 Corpse Rot               Necr/Air       0%         N/A       87%         2
 Poisonous Vapours        Pois/Air       0%         N/A       87%         2
 Confusing Touch          Hex            0%         N/A       98%         3
 Vampiric Draining        Necr           0%         2d6       98%         3
 Olgreb's Toxic Radiance  Pois           0%         N/A       100%        4


Dungeon Overview and Level Annotations

Branches:
Dungeon (3/15)              Sewer (1/1)

Altars:
Kikubaaqudgha

Shops:
D:3 =


Innate Abilities, Weirdness & Mutations

You are immune to sickness and miasma.
Your stone body is resilient. (AC +4)
You are immune to poison.
You resist negative energy. (rN+)
You are resistant to electric shocks. (rElec)
You are resistant to unholy torment.
You are immune to petrification.


Message History

You kill the river rat!
The river rat bites you! The river rat closely misses you.
Your Shields skill increases to level 4!
You have reached level 6!
Your experience leads to an increase in your attributes!
Increase (S)trength, (I)ntelligence, or (D)exterity?
You feel agile.
You closely miss the river rat. The river rat bites you.
The rat twitches its whiskers.
The river rat bites you.
You are too injured to fight recklessly!
You are too injured to fight recklessly!
You are too injured to fight recklessly!
You are too injured to fight recklessly!
You are too injured to fight recklessly!
Unknown command.
Okay, then.
You barely miss the river rat. The river rat closely misses you.
The river rat bites you.
* * * LOW HITPOINT WARNING * * *
The rat splashes around in the water.
The rat barely misses you. The river rat closely misses you.
Unknown command.
You hit the river rat.
The river rat is heavily wounded.
The river rat barely misses you. The rat closely misses you.
The river rat bites you.
* * * LOW HITPOINT WARNING * * *
The rat bites you.
* * * LOW HITPOINT WARNING * * *
Okay, then.
It was a potion of berserk rage.
A red film seems to cover your vision as you go berserk!
You feel yourself moving faster!
You feel mighty! The river rat closely misses you.
The rat bites you but does no damage. You block the river rat's attack.
The rat bites you but does no damage.
You barely miss the river rat.
The river rat is heavily wounded.
The river rat bites you.
You die...

+.... #.... ##...# #
##################....#
###.#≈≈≈≈≈≈≈#≈≈≈≈≈≈≈#.....#
#....≈≈≈≈≈≈..≈≈≈≈≈≈≈......#
.....≈≈≈≈≈≈..≈≈≈≈≈≈≈......#
.....≈≈≈≈rr..≈≈≈≈≈≈≈.....##
....≈≈≈≈≈r@≈≈≈≈≈≈≈≈≈≈...##
.....≈≈≈rr#≈#≈≈≈≈≈≈≈..###
...#################### ..
.


You could see 2 river rats and 3 rats.

Vanquished Creatures
  A kobold brigand (D:3)
  An ogre zombie (D:1)
  A hound zombie (D:1)
  3 adders
  4 river rats (Sewer)
  An adder zombie (D:2)
  A gnoll skeleton (D:2)
  4 worms
  A dart slug (D:1)
  13 ball pythons
  A bat skeleton (D:2)
  7 endoplasms
  4 giant cockroaches (D:1)
  5 goblins
  6 hobgoblins
  2 quokkas (D:1)
  A ball python skeleton (D:2)
  9 bats
  2 dart slug zombies (D:1)
  5 frilled lizards
  A frilled lizard zombie (D:1)
  2 hobgoblin zombies (D:1)
  5 kobolds
  2 quokka zombies
  23 rats
  5 rat zombies
110 creatures vanquished.

Vanquished Creatures (others)
  A plant (D:3)
1 creature vanquished.

Grand Total: 111 creatures vanquished

Notes
Turn   | Place    | Note
-------+----------+-------------------------------------------
     0 | D:1      | Gwenloh the Gargoyle Fighter began the quest for the Orb.
     0 | D:1      | Reached XP level 1. HP: 14/14 MP: 1/1
    26 | D:1      | Found a faded altar of an unknown god.
    77 | D:1      | Prayed at the altar of an unknown god.
    77 | D:1      | Became a worshipper of Kikubaaqudgha
    77 | D:1      | Reached * piety under Kikubaaqudgha
    77 | D:1      | Received a gift from Kikubaaqudgha
    78 | D:1      | Fell from the grace of Kikubaaqudgha
   275 | D:1      | Reached XP level 2. HP: 19/19 MP: 2/2
   610 | D:1      | Reached XP level 3. HP: 23/23 MP: 3/3
  2022 | D:2      | Reached XP level 4. HP: 29/29 MP: 4/4
  2588 | D:3      | Found Ovvomea's Jewellery Emporium.
  2738 | D:3      | Noticed a kobold brigand
  2739 | D:3      | Found a glowing drain.
  2756 | D:3      | Killed a kobold brigand
  2757 | D:3      | Reached XP level 5. HP: 18/33 MP: 5/5
  2789 | Sewer    | Entered a sewer
  3412 | Sewer    | Reached XP level 6. HP: 22/38 MP: 6/6
  3416 | Sewer    | Slain by a river rat

Illustrated notes

Levels and vault maps discovered:
D:1:      sevenhm_arrival_forest_fort_small_4, layout_basic,
          ebering_ecumenical_altar_sacrificial, kennysheep_boxes
D:2:      layout_rooms
D:3:      cheibrodos_old_hovel, layout_rooms, cheibrodos_sewer_entry_sluice,
          serial_shops, nicolae_shop_crystal, shop_statue, st_stairs_4
Sewer:    sewer_minmay_w

Skill      XL: |  1  2  3  4  5 |
---------------+----------------+-----
Maces & Flails | 3 4 |  4.5
Fighting       | 4 |  4.2
Armour         | 4 |  4.2
Shields        | 4 |  4.0

Action                   |  1- 3 |  4- 6 || total
-------------------------+-------+-------++-------
Melee: Flail             |   172 |   156 ||   328
Throw: Stone             |    92 |    62 ||   154
Invok: Renounce Religion |     1 |       ||     1
  Use: Potion            |       |     2 ||     2
Armor: Scale mail        |    92 |    98 ||   190
Dodge: Dodged            |    80 |    77 ||   157
Block: Buckler           |    43 |    36 ||    79

Table legend: (Time is in decaauts)
 A = Elapsed time spent in this place.
 B = Non-inter-level travel time spent in this place.
 C = Inter-level travel time spent in this place.
 D = Time resting spent in this place.
 E = Time spent auto-exploring this place.
 F = Levels seen in this place.
 G = Mean time per level.
                   A        B        C        D        E       F      G
               +--------+--------+--------+--------+--------+-----+--------+
         Total |   3562 |   3472 |     90 |    495 |   1926 |   4 |  890.5 |
       Dungeon |   2879 |   2789 |     90 |    100 |   1900 |   3 |  959.7 |
         Sewer |    682 |    682 |      0 |    395 |     26 |   1 |  682.0 |
               +--------+--------+--------+--------+--------+-----+--------+

Top non-repeatable levels by time:
     D:1: 1743 daAuts
     D:2: 915 daAuts
   Sewer: 682 daAuts
     D:3: 220 daAuts
